 Dungeon Crawl Stone Soup version 0.31-a0-868-g674d60d6f7 (webtiles) character file.

Game seed: 1052046112660385563

523 LeprechaunX the Changeling (level 7, -3/69 HPs)
             Began as an Octopode Shapeshifter on Oct 11, 2023.
             Slain by an elf zombie (6 damage)
             ... in an ossuary.
             The game lasted 00:06:04 (2893 turns).

LeprechaunX the Changeling (Octopode Shapeshifter)  Turns: 2893, Time: 00:06:04

Health: -3/69      AC: 23    Str: 16    XL:     7   Next: 22%
Magic:  7/7        EV:  2    Int: 12    God:
Gold:   221        SH:  0    Dex: 11    Spells: 6/6 levels left

rFire   . .          .
                       - Unarmed
rCold   . . .        (no shield)
rNeg    . . .        (helmet currently unavailable)
rPois   +            (no amulet)
rElec   .            (no ring)
rCorr   .            (no ring)
SInv    .            (no ring)
Will    .....        (no ring)
Stlth   +            (no ring)
HPRegen 0.31/turn    (no ring)
MPRegen 0.10/turn    (no ring)
                     (no ring)

%: no passive effects
@: tree-form
A: stationary, stasis, torment immunity, boosted hp, almost no armour,
(amphibious), 8 rings, (camouflage 1), (gelatinous body 1), (nimble swimmer 1),
(tentacles)
a: no special abilities


You were in an ossuary.
You were a tree.
You visited 1 branch of the dungeon, and saw 4 of its levels.
You also visited: Ossuary.

You collected 221 gold pieces.

Inventory:

Hand Weapons
 a - a +0 triple crossbow
Armour
 x - a +2 hat
Talismans
 b - a beast talisman
 c - a flux talisman
Scrolls
 d - a scroll of enchant weapon {unknown}
 g - 2 scrolls of vulnerability {unknown}
 h - 2 scrolls of blinking {unknown}
 i - 6 scrolls of teleportation {unknown}
 j - a scroll of fog {unknown}
 k - a scroll of immolation {unknown}
 n - a scroll of noise {unknown}
 r - 2 scrolls of identify {unknown}
 s - a scroll of revelation {unknown}
 w - a scroll of poison {unknown}
Potions
 f - 4 potions of heal wounds {unknown}
 l - a potion of mutation {unknown}
 m - a potion of degeneration {unknown}
 o - a potion of brilliance {unknown}
 p - 2 potions of curing {unknown}
 t - a potion of might {unknown}
 u - a potion of cancellation {unknown}
 v - a potion of haste {unknown}


   Skills:
 + Level 3.1 Fighting
 + Level 1.3 Ranged Weapons
 + Level 3.7 Dodging
 + Level 4.3 Unarmed Combat
 * Level 5.1 Shapeshifting


You had 6 spell levels left.
You didn't know any spells.
Your spell library contained the following spells:

 Spells                   Type           Power      Damage    Failure   Level
 Cigotuvi's Dreadful Rot  Necr/Pois/Air  0%         N/A       45%         2
 Dispel Undead            Necr           0%         3d6       97%         4
 Death Channel            Necr           0%         N/A       100%        6


Dungeon Overview and Level Annotations

Branches:
Dungeon (4/15)            Ossuary (1/1)
 Temple: D:4-7

Altars:

Shops:
D:1 :   D:3 *


Innate Abilities, Weirdness & Mutations

You are a tree.
Your roots penetrate the ground, keeping you stationary.
You cannot be teleported.
You are immune to unholy pain and torment.
Your maximum health is greatly increased.
You cannot wear most types of armour.
((You are amphibious.))
You can wear up to eight rings at the same time.
((Your skin changes colour to match your surroundings (Stealth+).))
((Your rubbery body absorbs attacks. (AC +1, EV +1)))
((You are camouflaged when in or above water. (Stealth+)))
((You have tentacles for arms and can constrict up to eight enemies at once.))


Message History

Your transformation has ended.
You turn into a tree.
Your roots penetrate the ground.
The elf zombie hits you but does no damage.
You smack the elf zombie!
The elf zombie is moderately damaged.
You barely miss the elf zombie.
The elf zombie is moderately damaged.
The elf zombie hits you but does no damage.
You barely miss the elf zombie.
The elf zombie is moderately damaged.
The elf zombie hits you.
* * * LOW HITPOINT WARNING * * *
You smack the elf zombie!
The elf zombie is moderately damaged.
The elf zombie hits you but does no damage.
You smack the elf zombie!
The elf zombie is heavily damaged.
You hit the elf zombie but do no damage.
Your punch misses the elf zombie.
The elf zombie is heavily damaged.
The elf zombie hits you but does no damage.
You closely miss the elf zombie.
The elf zombie is heavily damaged.
The elf zombie hits you but does no damage.
You closely miss the elf zombie.
The elf zombie is heavily damaged.
The elf zombie hits you but does no damage.
You smack the elf zombie!
The elf zombie is severely damaged.
You hit the elf zombie.
The elf zombie is severely damaged.
The elf zombie hits you but does no damage.
You hit the elf zombie but do no damage.
The elf zombie is severely damaged.
The elf zombie hits you.
* * * LOW HITPOINT WARNING * * *
You barely miss the elf zombie.
The elf zombie is severely damaged.
The elf zombie hits you.
You die...

#..##..........∩..
#..#......Z.......
#........Z........
#.....##..........
#.....##..........
#.................
#ZZZ..............
##Z#Z........#####
#♣$#...........
#$$#...........∩
################


You could see a hobgoblin zombie, a gnoll zombie, an orc zombie and 2 elf
zombies.

Vanquished Creatures
  Sigmund (D:2)
  An orc priest (D:2)
  A jelly (D:4)
  Natasha (D:3)
  2 orc wizards
  2 hound zombies (Ossuary)
  2 mummies
  Robin (D:2)
  3 adders
  A shadow imp (D:4)
  An ufetubus (D:4)
  3 worms
  3 dart slugs
  7 orcs
  11 endoplasms
  5 giant cockroaches
  2 gnoll zombies (Ossuary)
  13 hobgoblins
  6 jackals
  4 kobolds
  3 quokkas
  6 ball pythons
  4 bats
  7 frilled lizards
  13 goblins
  A goblin zombie (Ossuary)
  2 hobgoblin zombies
  An orc zombie (Ossuary)
  A rat (D:1)
108 creatures vanquished.

Notes
Turn   | Place    | Note
-------+----------+-------------------------------------------
     0 | D:1      | LeprechaunX the Octopode Shapeshifter began the quest for
                  | the Orb.
     0 | D:1      | Reached XP level 1. HP: 13/13 MP: 1/1
   187 | D:1      | Reached XP level 2. HP: 18/18 MP: 2/2
   432 | D:1      | Reached XP level 3. HP: 19/23 MP: 3/3
   661 | D:1      | Found Xidet's Book Boutique.
   915 | D:2      | Noticed Robin
   915 | D:2      | Found a faded altar of an unknown god.
  1158 | D:2      | Killed Robin
  1161 | D:2      | Reached XP level 4. HP: 8/29 MP: 4/4
  1359 | D:2      | Reached skill level 4 in Shapeshifting
  1359 | D:2      | Reached XP level 5. HP: 4/34 MP: 5/5
  1613 | D:2      | Noticed Sigmund
  1628 | D:2      | Killed Sigmund
  1629 | D:2      | Reached XP level 6. HP: 41/41 MP: 6/6
  2096 | D:3      | Found Ebloc's Assorted Antiques.
  2231 | D:3      | Noticed Natasha
  2236 | D:3      | Killed Natasha
  2632 | D:4      | Reached skill level 1 in Ranged Weapons
  2632 | D:4      | Reached skill level 5 in Shapeshifting
  2688 | D:4      | Reached XP level 7. HP: 45/45 MP: 7/7
  2834 | D:4      | Found a sand-covered staircase.
  2841 | Ossuary  | Entered an ossuary
  2892 | Ossuary  | HP: 3/69 [elf zombie (4)]
  2893 | Ossuary  | Slain by an elf zombie

Illustrated notes

Levels and vault maps discovered:
D:1:      sevenhm_arrival_forest_fort_small_6, layout_basic, serial_shops, shop,
          hangedman_glass_garden, minmay_parallelograms, minivault_26,
          hangedman_decor_push
D:2:      cheibrodos_pilgrimage, layout_loops_ring, basic_ecumenical_altar,
          uniq_robin, uniq_sigmund
D:3:      layout_basic, serial_shops, shop_fountains, palyth_stone_intersect,
          hangedman_abyss_or_decor_stabs, uniq_natasha
D:4:      layout_loops_corners, grunt_temple_overflow_lords_of_destruction,
          nicolae_ossuary_entry_giza, corexii_corridor_pit
Ossuary:  ossuary_minmay_tomb_2a

Skill      XL: |  1  2  3  4  5  6  7 |
---------------+----------------------+-----
Fighting       | 2 3 |  3.1
Shapeshifting  | 4 5 |  5.1
Dodging        | 3 |  3.7
Unarmed Combat | 4 |  4.3
Ranged Weapons | 1 |  1.3

Action                     |  1- 3 |  4- 6 |  7- 9 || total
---------------------------+-------+-------+-------++-------
  Melee: Unarmed           |    66 |    75 |    48 ||   189
         Constrict         |    18 |    17 |    10 ||    45
         Tentacles         |    12 |    16 |     9 ||    37
         Punch             |     2 |     2 |       ||     4
   Fire: Triple crossbow   |       |    12 |     1 ||    13
    Use: Potion            |       |     1 |     1 ||     2
   Stab: Sleeping          |     6 |     5 |     1 ||    12
         Distracted        |     1 |     1 |     1 ||     3
 Armour: Skin              |    28 |    19 |    27 ||    74
  Dodge: Dodged            |    26 |    33 |    21 ||    80

Table legend: (Time is in decaauts)
 A = Elapsed time spent in this place.
 B = Non-inter-level travel time spent in this place.
 C = Inter-level travel time spent in this place.
 D = Time resting spent in this place.
 E = Time spent auto-exploring this place.
 F = Levels seen in this place.
 G = Mean time per level.
                   A        B        C        D        E       F      G
               +--------+--------+--------+--------+--------+-----+--------+
         Total |   2887 |   2767 |    120 |    163 |   1890 |   5 |  577.4 |
       Dungeon |   2838 |   2718 |    120 |    163 |   1890 |   4 |  709.5 |
       Ossuary |     49 |     49 |      0 |      0 |      0 |   1 |   49.0 |
               +--------+--------+--------+--------+--------+-----+--------+

Top non-repeatable levels by time:
     D:1: 1021 daAuts
     D:2: 961 daAuts
     D:3: 522 daAuts
     D:4: 333 daAuts
 Ossuary: 49 daAuts
